 Dungeon Crawl Stone Soup version 0.31-a0-963-ga325b2283a (webtiles) character file.

Game seed: 11524481283439120829

1290 peacegoldenking the Artisan of Death (level 8, 0/88 (91) HPs)
             Began as a Demonspawn Wanderer on Oct 25, 2023.
             Was a Priest of Kikubaaqudgha.
             Succumbed to an orc's poison
             ... on level 4 of the Dungeon.
             The game lasted 00:05:55 (4072 turns).

peacegoldenking the Artisan of Death (DsWn)         Turns: 4072, Time: 00:05:56

HP:   0/88 (91)     AC: 28    Str: 13    XL:     8   Next: 30%
MP:   14/14         EV:  2    Int: 12    God:    Kikubaaqudgha [***...]
Gold: 171           SH:  0    Dex: 16    Spells: 15/16 levels left

rFire   . . .        a - +2 falchion
rCold   . . .        (no shield)
rNeg    . . .        g - melded +0 leather armour
rPois   +            (helmet currently unavailable)
rElec   .            (cloak currently unavailable)
rCorr   .            (gloves currently unavailable)
SInv    .            (boots currently unavailable)
Will    .....        (no amulet)
Stlth   +            c - +5 ring of evasion
HPRegen 0.34/turn    j - +4 ring of protection
MPRegen 0.14/turn

%: no passive effects
@: lethally poisoned (0 -> -2), tree-form, lightly drained
A: stationary, stasis, torment immunity, boosted hp, (antennae 1), (molten
scales 2), powered by death 1, (deformed body), (fire resistance 1), (poison
resistance)
a: Renounce Religion, Unearth Wretches


You were on level 4 of the Dungeon.
You worshipped Kikubaaqudgha.
Kikubaaqudgha was most pleased with you.
You were a tree.
You visited 1 branch of the dungeon, and saw 5 of its levels.

You collected 171 gold pieces.

Inventory:

Hand Weapons
 a - a +2 falchion (weapon)
Armour
 g - a +0 leather armour (melded)
Jewellery
 c - a +5 ring of evasion (left branch)
 d - a ring of poison resistance
 j - a +4 ring of protection (right branch)
Wands
 i - a wand of digging (6)
Scrolls
 b - a scroll of vulnerability {unknown}
 e - 6 scrolls of identify {unknown}
 f - a scroll of teleportation {unknown}
 h - a scroll of enchant armour {unknown}
 l - a scroll of fear {unknown}
 m - a scroll of revelation {unknown}


   Skills:
 + Level 4.8 Fighting
 - Level 3.6 Long Blades
 - Level 1.0 Armour
 + Level 4.5 Spellcasting
 - Level 4.1 Conjurations
 + Level 5.1 Necromancy
 * Level 1.3 Ice Magic
 - Level 4.1 Earth Magic


You had 15 spell levels left.
You knew the following spells:

 Your Spells              Type           Power      Damage    Failure   Level
a - Kiss of Death         Conj/Necr      52%        2d9       3%          1

Your spell library contained the following spells:

 Spells                   Type           Power      Damage    Failure   Level
 Necrotise                Necr           60%        1d7       2%          1
 Sublimation of Blood     Necr           15%        N/A       3%          2
 Vampiric Draining        Necr           15%        2d7       8%          3
 Shock                    Conj/Air       28%        1d4       9%          1
 Summon Small Mammal      Summ           8%         N/A       22%         1
 Animate Dead             Necr           15%        N/A       26%         4
 Mephitic Cloud           Conj/Pois/Air  6%         N/A       34%         3
 Call Canine Familiar     Summ           2%         N/A       54%         3
 Summon Guardian Golem    Hex/Summ       2%         N/A       54%         3
 Swiftness                Air            2%         N/A       54%         3
 Agony                    Necr           15%        N/A       56%         5
 Anguish                  Hex/Necr       4%         N/A       58%         4
 Airstrike                Air            1%         2d(1-17)  91%         4
 Death Channel            Necr           7%         N/A       98%         6
 Simulacrum               Ice/Necr       5%         N/A       100%        6
 Orb of Destruction       Conj           6%         9d6       100%        7
 Spellforged Servitor     Conj/Summ      3%         N/A       100%        7


Dungeon Overview and Level Annotations

Branches:
Dungeon (5/15)             Temple (0/1) D:5

Altars:
Cheibriados
Dithmenos
Gozag
Kikubaaqudgha
Ru
Wu Jian
Xom

Shops:
D:5 *

Annotations:
D:3 1 runed translucent door, Crazy Yiuf, Terence
D:4 3 runed translucent doors, Eustachio; Natasha; Xavori's ghost, novice DjCK


Innate Abilities, Weirdness & Mutations

You are a tree.
Your roots penetrate the ground, keeping you stationary.
You cannot be teleported.
You are immune to unholy pain and torment.
Your maximum health is greatly increased.
Your equipment is partially melded.
((You have a pair of small antennae on your head.))
((You are mostly covered in molten scales. (AC +3)))
You regenerate a little health from kills.
((Armour fits poorly on your strangely shaped body.))
((Your flesh is heat resistant. (rF+)))
((Your system is resistant to poisons. (rPois)))


Message History

You hit the orc.
You kill the orc!
Kikubaaqudgha accepts your kill.
You feel yourself speed up.
* * * LOW HITPOINT WARNING * * *
You feel very sick.
Natasha zaps a wand.
You turn into a tree.
Your +0 leather armour melds into your body.
Your roots penetrate the ground.
You hit Natasha but do no damage.
* * * LOW HITPOINT WARNING * * *
You feel sick.
Natasha claws you but does no damage. x2
Unknown command.
You barely miss Natasha.
* * * LOW HITPOINT WARNING * * *
You feel sick. Natasha claws you but does no damage.
Unknown command.
You hit Natasha.
Natasha is lightly wounded.
* * * LOW HITPOINT WARNING * * *
You feel sick. Natasha claws you but does no damage.
Unknown command.
You hit Natasha.
Natasha is heavily wounded.
* * * LOW HITPOINT WARNING * * *
You feel sick. Natasha claws you.
* * * LOW HITPOINT WARNING * * *
Unknown command.
You hit Natasha.
Natasha is severely wounded.
* * * LOW HITPOINT WARNING * * *
You feel sick.
Natasha casts a spell.
Unknown command.
Unknown command.
Unknown command.
You closely miss Natasha.
Natasha is severely wounded.
You die...
Kikubaaqudgha rasps: "You have failed me!
Welcome... death!"

#######..## #.# ##.#
##...##.# #... ###..#.#
#..# #.#.# #..#
#...###.. #...
####........# #.##
#......###... ###...
#.##...###.#............
# #..5♣hl.>...#..###...
....#..###...... #...[ #
#.#..# ... #.... #.#.<.
. ###++ .....##


##gof #.#### #..$_ #. #8.g8 # ###.g.$ .##∩8∩ You could see an iguana, Natasha
and a cerulean imp (summoned).

Vanquished Creatures
  Sigmund (D:3)
  A water moccasin (D:5)
  An ice beast (D:5)
  3 ogres (D:5)
  3 phantoms
  A scorpion (D:3)
  2 hounds (D:5)
  2 orc priests (D:5)
  Natasha (D:4)
  2 iguanas (D:5)
  An orc wizard (D:4)
  3 adders
  5 gnolls (D:4)
  2 ufetubi (D:3)
  7 orcs
  12 ball pythons
  8 endoplasms
  4 giant cockroaches
  5 goblins
  10 hobgoblins
  4 jackals (D:4)
  4 kobolds
  6 quokkas
  6 bats
  3 frilled lizards
  7 rats
104 creatures vanquished.

Notes
Turn   | Place    | Note
-------+----------+-------------------------------------------
     0 | D:1      | peacegoldenking the Demonspawn Wanderer began the quest for
                  | the Orb.
     0 | D:1      | peacegoldenking set off with the following items: a +2
                  | falchion, a +0 ring mail, a potion of berserk rage; and the
                  | following spell memorised: Kiss of Death; and the following
                  | spells available to memorise: Mephitic Cloud.
     0 | D:1      | Reached XP level 1. HP: 13/13 MP: 2/2
    38 | D:1      | Found a faded altar of an unknown god.
    57 | D:1      | Prayed at the altar of an unknown god.
    57 | D:1      | Became a worshipper of Kikubaaqudgha
    57 | D:1      | Reached * piety under Kikubaaqudgha
    57 | D:1      | Received a gift from Kikubaaqudgha
   113 | D:1      | Gained mutation: You are partially covered in molten
                  | scales. (AC +2) [demonic ancestry]
   113 | D:1      | Reached XP level 2. HP: 20/20 MP: 4/4
   254 | D:1      | Reached skill level 1 in Fighting
   435 | D:1      | Reached XP level 3. HP: 26/26 MP: 5/5
   822 | D:2      | Reached ** piety under Kikubaaqudgha
   823 | D:2      | Reached skill level 1 in Necromancy
   823 | D:2      | Reached skill level 1 in Earth Magic
  1221 | D:2      | Gained mutation: You are mostly covered in molten scales.
                  | (AC +3) [demonic ancestry]
  1221 | D:2      | Reached XP level 4. HP: 27/33 MP: 5/7
  1373 | D:3      | Noticed Sigmund
  1387 | D:3      | Killed Sigmund
  1388 | D:3      | Reached skill level 2 in Necromancy
  1388 | D:3      | Reached XP level 5. HP: 39/39 MP: 7/9
  1535 | D:3      | Found a runed translucent door.
  1536 | D:3      | Noticed Crazy Yiuf
  1668 | D:3      | Found an opulent altar of Gozag.
  1770 | D:3      | Reached XP level 6. HP: 46/46 MP: 10/10
  1990 | D:3      | Found a shimmering altar of Xom.
  2009 | D:3      | Reached skill level 3 in Necromancy
  2022 | D:3      | Noticed Terence
  2072 | D:4      | Found a runed translucent gate.
  2072 | D:4      | Found a runed translucent gate.
  2072 | D:4      | Found a runed translucent gate.
  2072 | D:4      | Found an opulent altar of Gozag.
  2072 | D:4      | Noticed Xavori's ghost (novice DjCK)
  2088 | D:4      | Noticed Eustachio
  2092 | D:5      | Entered Level 5 of the Dungeon
  2231 | D:5      | Found Linaf's General Store.
  2447 | D:5      | Noticed an ice beast
  2474 | D:5      | Killed an ice beast
  2475 | D:5      | Gained mutation: You regenerate a little health from kills.
                  | [demonic ancestry]
  2475 | D:5      | Reached XP level 7. HP: 44/51 MP: 10/12
  2684 | D:5      | Reached skill level 4 in Necromancy
  3028 | D:5      | Gained mutation: You have a pair of small antennae on your
                  | head. [demonic ancestry]
  3028 | D:5      | Reached XP level 8. HP: 51/61 MP: 14/14
  3059 | D:5      | Found a shadowy altar of Dithmenos.
  3414 | D:5      | Found a staircase to the Ecumenical Temple.
  3485 | D:4      | Found a sacrificial altar of Ru.
  3671 | D:4      | Found an ornate altar of the Wu Jian Council.
  3681 | D:4      | Reached *** piety under Kikubaaqudgha
  3681 | D:4      | Received a gift from Kikubaaqudgha
  3821 | D:4      | Reached skill level 5 in Necromancy
  3992 | D:4      | Found a snail-covered altar of Cheibriados.
  4043 | D:4      | Noticed Natasha
  4051 | D:4      | Reached skill level 1 in Ice Magic
  4056 | D:4      | Killed Natasha
  4061 | D:4      | Noticed Natasha
  4065 | D:4      | Gained mutation: Armour fits poorly on your strangely
                  | shaped body. [potion of mutation]
  4065 | D:4      | Gained mutation: Your flesh is heat resistant. (rF+)
                  | [potion of mutation]
  4065 | D:4      | Gained mutation: Your system is resistant to poisons.
                  | (rPois) [potion of mutation]
  4068 | D:4      | HP: 4/88 [poisoned by an orc]
  4071 | D:4      | HP: 1/88 [poisoned by an orc]
  4072 | D:4      | Succumbed to an orc's poison

Illustrated notes

Levels and vault maps discovered:
D:1:      reono_arrival_forest_river, layout_basic,
          nicolae_ecumenical_snake_handling, kennysheep_nondescript
D:2:      layout_rooms
D:3:      layout_loops_cross, mainiacjoe_overflow_alcove_4,
          mainiacjoe_overflow_brackets, st_stairs_11, uniq_sigmund,
          uniq_terence, uniq_crazy_yiuf_cottage
D:4:      layout_loops_cross, lemuel_doored_altar,
          nicolae_wu_jian_immortal_techniques, amcnicky_altar_gilded,
          zin_purify, mainiacjoe_overflow_divided_tiny, ebering_ghost_gozag,
          uniq_eustachio, uniq_natasha
D:5:      layout_basic, nicolae_dithmenos_through_a_glass_darkly, temple_hall,
          serial_shops, nicolae_diamond_shop, hangedman_abyss_or_decor_stabs

Skill      XL: |  1  2  3  4  5  6  7  8 |
---------------+-------------------------+-----
Fighting       | 1 2 3 4 |  4.8
Necromancy     | 1 2 3 4 5 |  5.1
Earth Magic    | 1 2 3 4 |  4.1
Spellcasting   | 2 3 4 |  4.5
Ice Magic      | 1 |  1.3
Long Blades    | |  3.6
Armour         | |  1.0
Conjurations   | |  4.1

Action                     |  1- 3 |  4- 6 |  7- 9 || total
---------------------------+-------+-------+-------++-------
  Melee: Falchion          |   105 |    94 |   172 ||   371
         Punch             |     1 |       |     2 ||     3
   Cast: Kiss of Death     |       |     1 |     2 ||     3
    Use: Potion            |       |     1 |     4 ||     5
 Armour: Ring mail         |    37 |       |       ||    37
         Leather armour    |    20 |    93 |   133 ||   246
         Skin              |       |       |     5 ||     5
  Dodge: Dodged            |    65 |    73 |   104 ||   242

Table legend: (Time is in decaauts)
 A = Elapsed time spent in this place.
 B = Non-inter-level travel time spent in this place.
 C = Inter-level travel time spent in this place.
 D = Time resting spent in this place.
 E = Time spent auto-exploring this place.
 F = Levels seen in this place.
 G = Mean time per level.
                   A        B        C        D        E       F      G
               +--------+--------+--------+--------+--------+-----+--------+
         Total |   4122 |   3989 |    133 |      2 |   3051 |   5 |  824.4 |
       Dungeon |   4122 |   3989 |    133 |      2 |   3051 |   5 |  824.4 |
               +--------+--------+--------+--------+--------+-----+--------+

Top non-repeatable levels by time:
     D:5: 1466 daAuts
     D:1: 828 daAuts
     D:3: 769 daAuts
     D:4: 583 daAuts
     D:2: 474 daAuts
